 Dungeon Crawl Stone Soup version 0.22-a0-618-gd6a3efe (webtiles) character file.

354 Amnesiac the Digger (level 6, 0/41 HPs)
             Began as a Mummy Earth Elementalist on July 13, 2018.
             Was a Follower of Dithmenos.
             Slain by an orc wizard
             ... wielding a +0 dagger
              (6 damage)
             ... on level 4 of the Dungeon.
             The game lasted 00:06:47 (3786 turns).

Amnesiac the Digger (Mummy Earth Elementalist)      Turns: 3786, Time: 00:06:48

Health: 0/41       AC:  3    Str: 12    XL:     6   Next: 35%
Magic:  7/13       EV: 12    Int: 16    God:    Dithmenos [*.....]
Gold:   185        SH:  0    Dex: 10    Spells: 2/14 levels left

rFire    x . .     SeeInvis .   a - +1 dagger (venom)
rCold    + . .     Gourm    .   (no shield)
rNeg     + + +     Faith    .   c - +0 robe
rPois    ∞         Spirit   .   k - +0 helmet
rElec    .         Reflect  .   (no cloak)
rCorr    .         Harm     .   (no gloves)
MR       .....                  (no boots)
Stlth    ++........             (no amulet)
HPRegen  0.13/turn              e - -2 ring of dexterity (curse)
MPRegen  0.13/turn              i - ring of flight

@: wreathed by umbra
A: no food or potions, fire vulnerability, cold resistance 1, negative energy
resistance 3, torment resistance, unbreathing
a: Renounce Religion, Evoke Flight


You were on level 4 of the Dungeon.
You worshipped Dithmenos.
Dithmenos was aware of your devotion.
You were not hungry.

You visited 1 branch of the dungeon, and saw 4 of its levels.

You collected 185 gold pieces.

Inventory:

Hand Weapons
 a - a +1 dagger of venom (weapon)
 b - a +0 dagger of flaming
 f - a +0 blowgun
 o - a +0 dagger of speed
 w - a +1 whip of electrocution
Missiles
 g - 31 poisoned needles
 n - 85 stones (quivered)
Armour
 c - a +0 robe (worn)
 k - a +0 helmet (worn)
Jewellery
 e - a cursed -2 ring of dexterity (left hand)
 i - a ring of flight (right hand)
Wands
 l - a wand of random effects (29)
Scrolls
 j - 3 scrolls of teleportation {!r}
 m - a scroll of enchant armour {!r}
 p - 2 scrolls of remove curse {!r}
 q - a scroll of magic mapping {!r}
 s - a scroll of amnesia {!r}


   Skills:
 + Level 0.1 Short Blades
 - Level 1.5 Dodging
 - Level 2.0 Stealth
 + Level 4.9 Spellcasting
 - Level 1.0 Transmutations
 * Level 5.0 Earth Magic


You had 2 spell levels left.
You knew the following spells:

 Your Spells              Type           Power        Failure   Level  Hunger
a - Sandblast             Erth           ###...       1%          1    N/A
b - Passwall              Tmut/Erth      ##......     7%          2    N/A
d - Lee's Rapid Deconstr  Erth           ###.......   47%         5    N/A
e - Petrify               Tmut/Erth      ##......     41%         4    N/A

Your spell library contained the following spells:

 Spells                   Type           Power        Failure   Level  Hunger
 Stone Arrow              Conj/Erth      ##....       16%         3    N/A

Dungeon Overview and Level Annotations

Branches:
Dungeon (4/15)
 Temple: D:4-7

Altars:
Cheibriados
Dithmenos
Fedhas
Hepliaklqana
Qazlal
Sif Muna
Xom

Annotations:
D:3 Ijyb


Innate Abilities, Weirdness & Mutations

You do not eat or drink.
Your flesh is vulnerable to fire.
You are immune to poison.
Your flesh is cold resistant. (rC+)
You are immune to negative energy. (rN+++)
You are immune to unholy pain and torment.
You can survive without breathing.


Message History

You hit the leopard gecko skeleton.
You destroy the leopard gecko skeleton!
Dithmenos accepts your kill. Something hits you.
The orc hits you with a mace of venom!
* * * LOW HITPOINT WARNING * * *
The orc closely misses you. Something completely misses you.
Casting: Passwall (safe; 7% risk of failure)
Confirm with . or Enter, or press ? or * to list all spells.
You can't see any susceptible monsters within range! (Use Z to cast anyway.)
Casting: Passwall (safe; 7% risk of failure)
Confirm with . or Enter, or press ? or * to list all spells.
You can't see any susceptible monsters within range! (Use Z to cast anyway.)
Casting: Passwall (safe; 7% risk of failure)
Confirm with . or Enter, or press ? or * to list all spells.
You can't see any susceptible monsters within range! (Use Z to cast anyway.)
Casting: Passwall (safe; 7% risk of failure)
Confirm with . or Enter, or press ? or * to list all spells.
Aiming: Sandblast (safe; 1% risk of failure)
Press: ? - help, Shift-Dir - straight line The blast of sand hits something.
n - 90 stones You hear some strange, mumbled words.
Casting: Sandblast (safe; 1% risk of failure)
Confirm with . or Enter, or press ? or * to list all spells.
Aiming: Sandblast (safe; 1% risk of failure)
Press: ? - help, Shift-Dir - straight line
n - 89 stones A puff of frost appears from out of thin air!
The puff of frost hits you! You resist.
* * * LOW HITPOINT WARNING * * *
Casting: Sandblast (safe; 1% risk of failure)
Confirm with . or Enter, or press ? or * to list all spells.
Aiming: Sandblast (safe; 1% risk of failure)
Press: ? - help, Shift-Dir - straight line The blast of sand hits the orc.
You kill the orc!
Dithmenos accepts your kill.
n - 88 stones
Casting: Sandblast (safe; 1% risk of failure)
Confirm with . or Enter, or press ? or * to list all spells.
Aiming: Sandblast (safe; 1% risk of failure)
Press: ? - help, Shift-Dir - straight line The blast of sand hits something.
n - 87 stones You hear some strange, mumbled words.
A magic dart appears from out of thin air!
The magic dart hits you!
* * * LOW HITPOINT WARNING * * *
Casting: Sandblast (safe; 1% risk of failure)
Confirm with . or Enter, or press ? or * to list all spells.
Aiming: Sandblast (safe; 1% risk of failure)
Press: ? - help, Shift-Dir - straight line
n - 86 stones Something hits you.
* * * LOW HITPOINT WARNING * * *
Something hits you.
* * * LOW HITPOINT WARNING * * *
Casting: Sandblast (safe; 1% risk of failure)
Confirm with . or Enter, or press ? or * to list all spells.
Aiming: Sandblast (safe; 1% risk of failure)
Press: ? - help, Shift-Dir - straight line
n - 85 stones Something hits you.
You die...

... #### .... ##..# ....#
##...# .....# ##..#####
......# ##..## #.###
.......##....###...########
........).@................
........####.............#.
........## #####.........##
.....#.o.# #.........###
......#.)# #.........##.
.##...##..# #(.####.......
##.. #...##..# ##....## ##
.......# #.....# ..###..#
##.....##


There were no monsters in sight!

Vanquished Creatures
  A howler monkey (D:4)
  Natasha (thrice) (D:2)
  An iguana (D:4)
  2 worker ants
  A hound skeleton (D:4)
  Robin (D:2)
  6 adders
  An ooze (D:1)
  5 dart slugs
  A leopard gecko (D:1)
  3 orcs (D:4)
  2 ball pythons
  2 bats
  8 giant cockroaches
  8 hobgoblins
  4 jackals (D:1)
  A quokka (D:3)
  2 frilled lizards
  11 goblins
  7 kobolds
  A leopard gecko skeleton (D:4)
  6 rats
77 creatures vanquished.

Notes
Turn   | Place    | Note
-------+----------+-------------------------------------------
     0 | D:1      | Amnesiac the Mummy Earth Elementalist began the quest for the Orb.
     0 | D:1      | Reached XP level 1. HP: 13/13 MP: 4/4
    70 | D:2      | Found a shimmering altar of Xom.
    76 | D:2      | Found a hazy altar of Hepliaklqana.
    77 | D:2      | Noticed a spectral ugly thing
   172 | D:2      | Reached skill level 3 in Earth Magic
   172 | D:2      | Reached XP level 2. HP: 17/19 MP: 0/5
   191 | D:2      | Learned a level 2 spell: Passwall
   318 | D:3      | Reached skill level 1 in Transmutations
   329 | D:2      | Found a shadowy altar of Dithmenos.
   617 | D:3      | Found a snail-covered altar of Cheibriados.
   695 | D:3      | Reached XP level 3. HP: 11/24 MP: 5/7
  1098 | D:2      | Became a worshipper of Dithmenos the Shadowed
  1195 | D:2      | Noticed Robin
  1210 | D:2      | Killed Robin
  1293 | D:2      | Reached XP level 4. HP: 16/30 MP: 6/9
  1300 | D:2      | Learned a level 4 spell: Petrify
  1497 | D:1      | Reached * piety under Dithmenos
  1702 | D:1      | Reached skill level 4 in Earth Magic
  2071 | D:2      | Noticed Natasha
  2078 | D:2      | Found a stormy altar of Qazlal.
  2083 | D:2      | Killed Natasha
  2083 | D:2      | Reached XP level 5. HP: 32/35 MP: 9/11
  2096 | D:2      | Noticed Natasha
  2101 | D:2      | Killed Natasha
  2252 | D:2      | Found a blossoming altar of Fedhas.
  2257 | D:2      | Found a stormy altar of Qazlal.
  2573 | D:2      | Noticed Natasha
  2637 | D:2      | Killed Natasha
  2796 | D:3      | Noticed Ijyb
  3385 | D:4      | Reached XP level 6. HP: 41/41 MP: 9/13
  3392 | D:4      | Learned a level 5 spell: Lee's Rapid Deconstruction
  3500 | D:4      | Reached skill level 5 in Earth Magic
  3594 | D:4      | Found a deep blue altar of Sif Muna.
  3786 | D:4      | Slain by an orc wizard

Vault maps used:
D:1:      minmay_arrival_four_houses, minmay_misc_feat_roman
D:2:      grunt_temple_overflow_forces_of_nature,
          regret_index_temple_of_mockery, nicolae_overflow_hidden_temple,
          nicolae_qazlal_general_emergency, uniq_natasha, uniq_robin
D:3:      first_ration, st_stairs_7, lemuel_tele_altar, uniq_ijyb
D:4:      lemuel_blue_sif_altar, serial_shops, nicolae_shop_statue_plus,
          kennysheep_generic_room_10

Skill      XL: |  1  2  3  4  5  6 |
---------------+-------------------+-----
Earth Magic    | 3 4 5 |  5.0
Spellcasting   | 3 4 |  4.9
Transmutations | 1 |  1.0
Stealth        | 2 |  2.0
Short Blades   | |  0.1
Dodging        | |  1.5

Action                   |  1- 3 |  4- 6 || total
-------------------------+-------+-------++-------
Melee: Dagger            |    79 |   132 ||   211
       Whip              |    22 |    21 ||    43
 Cast: Sandblast         |    25 |    19 ||    44
       Passwall          |       |     3 ||     3
       Petrify           |       |     1 ||     1
Evoke: Wand              |       |     1 ||     1
  Use: Scroll            |       |     7 ||     7
 Stab: Sleeping          |     3 |     6 ||     9
       Distracted        |     1 |       ||     1
       Petrified         |       |     6 ||     6
Armor: Robe              |    19 |    30 ||    49
Dodge: Dodged            |    84 |   122 ||   206

Table legend:
 A = Spawn XP
 B = Non-spawn XP
 C = Spawn XP percentage of total XP
 D = Spawn monster count
 E = Non-spawn monster count
 F = Spawn count percentage of total count
 G = Total turns spent on level
                    A         B        C        D         E        F      G
               +---------+---------+-------+---------+---------+-------+---------
         Total |       0 |     506 |   0.0 |       0 |      76 |   0.0 |  3786
               +---------+---------+-------+---------+---------+-------+---------
           D:1 |       0 |      39 |   0.0 |       0 |      16 |   0.0 |   780
           D:2 |       0 |     272 |   0.0 |       0 |      37 |   0.0 |  1096
           D:3 |       0 |      26 |   0.0 |       0 |      14 |   0.0 |  1366
           D:4 |       0 |     169 |   0.0 |       0 |       9 |   0.0 |   544
               +---------+---------+-------+---------+---------+-------+---------
